 Dungeon Sprint DCSS version 0.23.0-3-gf3c87f2 (webtiles) character file.

Game seed: 8946184646016814311

6337 nuthulu the Grappler (level 10, 0/111 HPs)
             Began as a Troll Monk on Feb 21, 2019.
             Was the Champion of Yredelemnul.
             Slain by a dire elephant (33 damage)
             ... in the Dungeon (Sprint IX: "|||||||||||||||||||||||||||||").
             The game lasted 00:04:11 (1095 turns).

nuthulu the Grappler (Troll Monk)                   Turns: 1095, Time: 00:04:11

Health: 0/111      AC:  9    Str: 27    XL:     10   Next: 64%
Magic:  15/15      EV: 17    Int:  6    God:    Yredelemnul [******]
Gold:   10         SH:  0    Dex: 12    Spells: 9/9 levels left

rFire    . . .     SeeInvis .     - Unarmed
rCold    . . .     Gourm    +   (no shield)
rNeg     . . .     Faith    .   a - +0 robe
rPois    .         Spirit   .   (helmet restricted)
rElec    .         Reflect  .   n - +2 cloak
rCorr    .         Harm     .   (gloves unavailable)
MR       .....     NoTele   +   (boots unavailable)
Stlth    ++........             (no amulet)
HPRegen  0.68/turn              o - +2 ring of evasion
MPRegen  0.14/turn              p - +3 ring of strength

@: no status effects
A: large, unfitting armour, claws 3, fast metabolism 3, gourmand, regeneration
1, shaggy fur 1, tough skin 3
a: Recall Undead Slaves, Injury Mirror, Animate Dead, Drain Life, Enslave Soul,
Renounce Religion


You were in the Dungeon.
You worshipped Yredelemnul.
Yredelemnul was exalted by your worship.
You were very full.

You visited 1 branch You collected 10 gold pieces.

Inventory:

Armour
 a - a +0 robe (worn)
 n - a +2 cloak (worn)
Jewellery
 o - a +2 ring of evasion (left claw)
 p - a +3 ring of strength (right claw)
Wands
 i - a wand of polymorph (5)
 m - a wand of acid (10)
Scrolls
 h - 2 scrolls of blinking
 k - 3 scrolls of remove curse
 l - 3 scrolls of amnesia
 t - 2 scrolls of fog
 v - 2 scrolls of identify
Potions
 c - 4 potions of curing
 d - 2 potions of heal wounds
 e - a potion of haste
 f - 4 potions of magic
 g - a potion of berserk rage
 j - a potion of invisibility
 r - 2 potions of brilliance
 s - a potion of agility
Comestibles
 b - 2 rations


   Skills:
 + Level 10.9 Fighting
 + Level 2.5 Armour
 + Level 11.2 Dodging
 - Level 3.1 Stealth
 + Level 14.8 Unarmed Combat
 + Level 8.3 Invocations


You had 9 spell levels left.
You didn't know any spells.
Your spell library was empty.

Dungeon Overview and Level Annotations

Branches:
Dungeon (1/1)

Altars:
Cheibriados
Dithmenos
Elyvilon
Fedhas
Gozag
Hepliaklqana
Kikubaaqudgha
Makhleb
Nemelex Xobeh
Okawaru
Qazlal
Ru
Sif Muna
Trog
Uskayaw
Vehumet
Wu Jian
Xom
Yredelemnul
Zin
The Shining One
Beogh
Jiyva
Lugonu


Innate Abilities, Weirdness & Mutations

You are too large for most types of armour.
You have claws for hands.
Your metabolism is lightning-fast.
You like to eat raw meat.
Your natural rate of healing is unusually fast.
You are covered in fur. (AC +1)
You have extremely tough skin. (AC +3)


Message History

Unknown command.
You scratch the dire elephant. You claw the dire elephant!
The dire elephant is almost dead.
You claw the dire elephant!
You kill the dire elephant!
Yredelemnul accepts your kill.
Your Armour skill increases to level 2!
The dire elephant closely misses you. The dire elephant trunk-slaps you!
You see here a dire elephant corpse.
The dire elephant tramples you!!
You hold your ground!
The dire elephant trunk-slaps you but does no damage.
You scratch the dire elephant.
The dire elephant is lightly wounded.
The dire elephant tramples you.
* * * LOW HITPOINT WARNING * * *
You stumble backwards!
You scratch the dire elephant but do no damage.
The dire elephant tramples you!!
You die...
Your body rises from the dead as a mindless zombie.

▓.▓.▓_▓
▓.▓.▓_▓
▓.▓.▓_▓
▓.▓.▓_▓
▓.▓.▓_▓
▓.▓.▓_▓
▓.▓.▓_▓
▓'▓.▓_▓
▓@▓.▓_▓
▓Y▓.▓_▓
▓Y▓.▓_▓
▓.▓.▓_▓
▓Y▓.▓_▓
▓Y▓.▓_▓
▓.▓.▓_▓
▓.▓.▓_▓
▓.▓.▓_▓


You could see 2 dire elephants and 2 elephants.

Vanquished Creatures
  A dire elephant (D)
  Erolcha (D)
  A hydra (D)
  A centaur warrior (D)
  2 elephants (D)
  3 spiny frogs (D)
  3 komodo dragons (D)
  A troll (D)
  A blink frog (D)
  2 wyverns (D)
  A hungry ghost (D)
  2 water moccasins (D)
  A porcupine (D)
  A sky beast (D)
  A black bear (D)
  An ogre (D)
  A howler monkey (D)
  An iguana (D)
  2 worker ants (D)
  An adder skeleton (D)
  A dart slug (D)
  2 orcs (D)
  2 giant cockroaches (D)
  A goblin (D)
  A bat (D)
  A kobold (D)
36 creatures vanquished.

Vanquished Creatures (collateral kills)
  A blink frog (D)
  A yak (D)
  3 porcupines (D)
  A crocodile (D)
  A bullfrog (D)
  An adder skeleton (D)
8 creatures vanquished.

Vanquished Creatures (others)
  2 phantasmal warriors (D)
  A hydra zombie (D)
  3 flying skulls (D)
  3 vampires (D)
  2 wraiths (D)
  2 komodo dragon skeletons (D)
  A yak zombie (D)
  2 wights (D)
  A black bear zombie (D)
  A bullfrog zombie (D)
  An ogre skeleton (D)
  3 porcupine zombies (D)
  A crocodile zombie (D)
  A mummy (D)
  An orc zombie (D)
25 creatures vanquished.

Grand Total: 69 creatures vanquished

Notes
Turn   | Place    | Note
-------+----------+-------------------------------------------
     0 | D        | nuthulu the Troll Monk began the quest for the Orb.
     0 | D        | Reached XP level 1. HP: 22/22 MP: 0/0
    29 | D        | Noticed a worker ant
    29 | D        | Noticed an iguana
    32 | D        | Killed a worker ant
    32 | D        | Reached skill level 4 in Unarmed Combat
    32 | D        | Reached XP level 2. HP: 32/32 MP: 1/1
    32 | D        | Reached XP level 3. HP: 39/39 MP: 2/2
    35 | D        | Reached skill level 5 in Unarmed Combat
   112 | D        | Found a roughly hewn altar of Beogh.
   112 | D        | Found a snail-covered altar of Cheibriados.
   112 | D        | Found a shadowy altar of Dithmenos.
   112 | D        | Found a white marble altar of Elyvilon.
   112 | D        | Found a blossoming altar of Fedhas.
   112 | D        | Found an opulent altar of Gozag.
   113 | D        | Found a hazy altar of Hepliaklqana.
   114 | D        | Found a viscous altar of Jiyva.
   115 | D        | Found an ancient bone altar of Kikubaaqudgha.
   116 | D        | Found a corrupted altar of Lugonu.
   117 | D        | Found a burning altar of Makhleb.
   118 | D        | Found a sparkling altar of Nemelex Xobeh.
   119 | D        | Found an iron altar of Okawaru.
   120 | D        | Found a stormy altar of Qazlal.
   121 | D        | Found a sacrificial altar of Ru.
   122 | D        | Found a deep blue altar of Sif Muna.
   123 | D        | Found a bloodstained altar of Trog.
   124 | D        | Found a hide-covered altar of Uskayaw.
   125 | D        | Found a radiant altar of Vehumet.
   126 | D        | Found an ornate altar of the Wu Jian Council.
   127 | D        | Found a shimmering altar of Xom.
   128 | D        | Found a basalt altar of Yredelemnul.
   129 | D        | Found a glowing silver altar of Zin.
   130 | D        | Found a glowing golden altar of the Shining One.
   136 | D        | Became a worshipper of Yredelemnul the Dark
   136 | D        | Reached * piety under Yredelemnul
   136 | D        | Reached ** piety under Yredelemnul
   163 | D        | Noticed an ogre
   163 | D        | Noticed a komodo dragon
   163 | D        | Noticed a water moccasin
   163 | D        | Noticed a sky beast
   165 | D        | Reached skill level 6 in Unarmed Combat
   165 | D        | Reached XP level 4. HP: 49/49 MP: 3/3
   177 | D        | Killed an ogre
   177 | D        | Reached skill level 5 in Fighting
   177 | D        | Reached skill level 5 in Dodging
   177 | D        | Reached skill level 7 in Unarmed Combat
   177 | D        | Reached XP level 5. HP: 43/57 MP: 4/4
   180 | D        | Killed a komodo dragon
   180 | D        | Reached skill level 9 in Unarmed Combat
   180 | D        | Reached XP level 6. HP: 45/68 MP: 5/5
   185 | D        | Killed a water moccasin
   185 | D        | Reached *** piety under Yredelemnul
   185 | D        | Reached skill level 10 in Unarmed Combat
   185 | D        | Reached XP level 7. HP: 50/76 MP: 6/6
   211 | D        | Received a gift from Yredelemnul (a wight)
   370 | D        | Noticed a centaur warrior
   370 | D        | Noticed a troll
   370 | D        | Noticed a wyvern
   370 | D        | Noticed a hungry ghost
   380 | D        | Killed a centaur warrior
   380 | D        | Reached skill level 12 in Unarmed Combat
   380 | D        | Reached XP level 8. HP: 33/88 MP: 7/7
   398 | D        | Killed a troll
   398 | D        | Reached **** piety under Yredelemnul
   404 | D        | Reached skill level 1 in Invocations
   630 | D        | Noticed Erolcha
   636 | D        | Killed Erolcha
   636 | D        | Reached skill level 13 in Unarmed Combat
   636 | D        | Reached XP level 9. HP: 98/98 MP: 8/11
   636 | D        | Received a gift from Yredelemnul (a mummy)
   636 | D        | Received a gift from Yredelemnul (a wight)
   690 | D        | Noticed a spiny frog
   690 | D        | Noticed a spiny frog
   694 | D        | Noticed a spiny frog
   696 | D        | Killed a spiny frog
   696 | D        | Reached skill level 5 in Invocations
   702 | D        | Killed a spiny frog
   702 | D        | Reached ***** piety under Yredelemnul
   702 | D        | Received a gift from Yredelemnul (a wraith)
   710 | D        | Noticed a komodo dragon
   725 | D        | Reached skill level 10 in Dodging
   726 | D        | Received a gift from Yredelemnul (a vampire)
   743 | D        | Your ally Erolcha died
   747 | D        | Killed a spiny frog
   747 | D        | Received a gift from Yredelemnul (2 flying skulls)
   747 | D        | Received a gift from Yredelemnul (a vampire)
   763 | D        | Killed a komodo dragon
   850 | D        | Noticed a seven-headed hydra
   850 | D        | Noticed a komodo dragon
   856 | D        | Received a gift from Yredelemnul (a wraith)
   874 | D        | Killed a nine-headed hydra
   874 | D        | Reached skill level 10 in Fighting
   874 | D        | Reached skill level 14 in Unarmed Combat
   874 | D        | Reached XP level 10. HP: 80/110 MP: 12/14
   881 | D        | Reached ****** piety under Yredelemnul
   891 | D        | Received a gift from Yredelemnul (a phantasmal warrior)
   891 | D        | Received a gift from Yredelemnul (a vampire)
  1050 | D        | Noticed an elephant
  1050 | D        | Noticed an elephant
  1050 | D        | Noticed an elephant
  1050 | D        | Noticed an elephant
  1050 | D        | Noticed a dire elephant
  1050 | D        | Noticed a dire elephant
  1053 | D        | Killed an elephant
  1053 | D        | Reached skill level 1 in Armour
  1055 | D        | Noticed a dire elephant
  1055 | D        | Killed an elephant
  1055 | D        | Received a gift from Yredelemnul (a phantasmal warrior)
  1055 | D        | Received a gift from Yredelemnul (a flying skull)
  1064 | D        | Noticed an elephant
  1088 | D        | Killed a dire elephant
  1095 | D        | Slain by a dire elephant

Skill      XL: |  1  2  3  4  5  6  7  8  9 10 |
---------------+-------------------------------+-----
Fighting       | 3 4 5 6 7 9 10 | 10.9
Dodging        | 3 4 5 6 7 8 9 10 11 | 11.2
Unarmed Combat | 4 6 7 9 10 12 13 14 | 14.8
Stealth        | 2 3 |  3.1
Invocations    | 4 7 8 |  8.3
Armour         | 2 |  2.5

Action                   |  1- 3 |  4- 6 |  7- 9 | 10-12 || total
-------------------------+-------+-------+-------+-------++-------
Melee: Unarmed           |    24 |    16 |    70 |    22 ||   132
       Punch             |     1 |     1 |     8 |     6 ||    16
Invok: Animate Dead      |       |       |     4 |     2 ||     6
  Use: Potion            |       |       |     4 |       ||     4
       Scroll            |       |       |     2 |       ||     2
 Stab: Sleeping          |     1 |       |       |       ||     1
  Eat: Chunk             |     7 |       |    12 |     1 ||    20
Armor: Robe              |     9 |       |    21 |     4 ||    34
Dodge: Dodged            |     8 |     9 |    30 |    13 ||    60
